Cogmind - Beta 16 @@@ ROGUE MODE // 2025.12.30 @ 14:12:57 Player: winnking222 Result: Destroyed by Y-54 Guardian with Gatling Laser Performance ------------- Evolutions (4) 2000 Regions Visited (6) 1200 Robots Destroyed (48) 240 Value Destroyed (1335) 1335 Prototype IDs (22) 440 Alien Tech Used (0) 0 Bonus (1027) 1027 TOTAL SCORE: 6242 Bonus ------- Follower Combat Kills 227 Registered with UFD 300 Met Optimus in HQ 500 Cogmind --------- Core Integrity 0/850 Matter 300/300 Energy 99/100 System Corruption 3% Temperature Cool (12) Movement Core (50) Location -6/Extension Parts ------- > --- POWER (1) -------- (None) > --- PROPULSION (6) --- Flexi-carbon Leg Biomechanical Wings > --- UTILITY (5) ------ Advanced Heat Sink Improved Sensor Array (fused) Experimental Signal Interpreter > --- WEAPON (3) ------- (None) > --- INVENTORY (5) ---- Gun Armor Rainbow Chip Heavy Missile Launcher DRS Beacon (Ready) Peak State ------------ > --- POWER ------------ Light Angular Momentum Engine > --- PROPULSION ------- Flexi-carbon Leg Flexi-carbon Leg Flexi-carbon Leg Flexi-carbon Leg Biomechanical Wings > --- UTILITY ---------- Advanced Heat Sink Improved Sensor Array Experimental Signal Interpreter IFF Parser > --- WEAPON ----------- Bore Cannon Power Sword > --- INVENTORY -------- Gun Armor Rainbow Chip Heavy Missile Launcher DRS Beacon [Rating: 65] Favorites ----------- Power Ion Engine Engine Ion Engine Power Core Micro Nuclear Core Propulsion Light Treads Treads Light Treads Leg Flexi-carbon Leg Wheel Compact Wheel Hover Unit Gravmag System Flight Unit Nuclear Pulse Thruster Utility Seismic Detector Device Seismic Detector Storage Huge Storage Unit Processor Experimental Signal Interpreter Protection Improved Light Armor Plating Weapon Improved Light Cannon Energy Gun Small Laser Energy Cannon Particle Cannon Ballistic Gun Shotgun Ballistic Cannon Improved Light Cannon Slashing Weapon Power Sword Special Melee Weapon Dirty Datajack Build | -11 -10 -10 -10 -9 -6 -6 ------- Run | Yrd Mat Min Sub Scr Fac Ext Slots Evolved 8 | . . . . . 8 . Power . | . . . . . . . Propulsion 4 | . . . . . 4 . Utility 3 | . . . . . 3 . Weapon 1 | . . . . . 1 . Parts Attached 58 | 7 5 2 12 1 22 9 Power 7 | 1 1 1 1 1 1 1 Engine 6 | 1 1 1 1 1 . 1 Core 1 | . . . . . 1 . Reactor . | . . . . . . . Propulsion 19 | 2 . . 4 . 8 5 Treads 7 | 2 . . 3 . 2 . Leg 4 | . . . . . . 4 Wheel 1 | . . . 1 . . . Hover 1 | . . . . . . 1 Flight 6 | . . . . . 6 . Utility 12 | 2 2 . . . 6 2 Device 6 | 1 . . . . 3 2 Storage 3 | 1 2 . . . . . Processor 2 | . . . . . 2 . Hackware . | . . . . . . . Protection 1 | . . . . . 1 . Artifact . | . . . . . . . Weapon 20 | 2 2 1 7 . 7 1 Energy Gun 2 | 1 . 1 . . . . Energy Cannon 3 | . . . 3 . . . Ballistic Gun 6 | 1 2 . . . 3 . Ballistic Cannon 6 | . . . 4 . 1 1 Launcher . | . . . . . . . Special Weapon . | . . . . . . . Impact Weapon . | . . . . . . . Slashing Weapon 2 | . . . . . 2 . Piercing Weapon . | . . . . . . . Special Melee Weapon 1 | . . . . . 1 . Unidentified Prototypes 1 | . . . . . 1 . Parts Lost 23 | . . 2 . . 12 9 Power 3 | . . 1 . . 1 1 Propulsion 10 | . . . . . 6 4 Utility 5 | . . . . . 3 2 Weapon 5 | . . 1 . . 2 2 Highest Loss Streak 9 | . . 2 . . 9 5 To Critical Strikes . | . . . . . . . Average Backups 20 | 5 21 23 22 21 14 3 Power 1 | . 1 . . 1 . . Propulsion 3 | 3 3 5 4 3 3 . Utility 4 | . 2 2 5 7 5 2 Weapon 10 | . 14 15 11 7 3 1 Tool/Special . | . . . . . . . Unused Backups 34 | . 6 . 7 9 9 3 Power 4 | . . . . 2 2 . Propulsion 6 | . 3 . 2 . 1 . Utility 7 | . . . . . 5 2 Weapon 17 | . 3 . 5 7 1 1 Tool/Special . | . . . . . . . Average Slot Usage (%) 95 | . 100 99 100 97 77 49 Engine 11 | . 14 13 14 11 2 1 Treads 20 | . 28 28 18 14 15 . Wheel 5 | . . . 9 14 2 . Device 13 | . 14 14 14 14 11 17 Storage 12 | . 14 14 14 14 5 . Processor 1 | . . . . . 6 8 Energy Gun 1 | . 1 5 . . . . Energy Cannon 1 | . . . 5 . . . Ballistic Gun 11 | . 26 22 . . 11 . Ballistic Cannon 11 | . . . 22 28 1 . Peak Build Rating 65 | 7 13 13 17 19 59 65 Average Rating 18 | 5 11 12 14 17 46 41 On Entrance 14 | . 7 13 12 17 19 30 Avg Prop Armor Cover (%) 12 | . . . 11 12 1 22 Naked Turns . | . . . . . . . Heaviest Build 109 | 13 92 92 98 94 109 24 Greatest Support 80 | 40 40 40 40 16 80 80 Greatest Overweight (x) 5 | 1 2 2 5 5 1 . Average Overweight (x) 2 | . 1 2 4 5 . . Largest Inventory Capacity 25 | 8 25 25 25 25 25 5 Average Capacity 23 | 7 24 25 25 25 18 5 Most Carried 25 | 7 25 25 25 25 25 5 Average Carried 21 | 5 21 24 24 23 16 4 Final Capacity 25 | 8 25 25 25 25 5 5 Final Carried 25 | 6 25 23 25 24 5 4 Class Distribution -------------------- 88% | Mutant 6% | Skirmisher Dominant Class ---------------- Mutant | -10/Materials Mutant | -10/Mines Mutant | -10/Subcaves Mutant | -9/Scraptown Skirmisher | -6/Factory Scout | -6/Extension Resources | -11 -10 -10 -10 -9 -6 -6 ----------- Run | Yrd Mat Min Sub Scr Fac Ext Matter Collected 1717 | 290 476 60 286 32 410 163 Remotely . | . . . . . . . Salvage Created 1792 | 126 707 22 172 . 488 277 Parts 114 | 16 46 4 10 . 27 11 Haulers Intercepted 3 | . 2 . . . 1 . Recyclers Shooed 2 | 1 1 . . . . . Parts Field Recycled . | . . . . . . . Retrieved Matter . | . . . . . . . Parts Self-Destructed 12 | . . . 12 . . . Prevented . | . . . . . . . Parts Restored . | . . . . . . . Kills | -11 -10 -10 -10 -9 -6 -6 ------- Run | Yrd Mat Min Sub Scr Fac Ext Combat Hostiles Destroyed 30 | . 13 2 4 . 6 5 Melee 3 | . . . . . . 3 Guns 21 | . 13 2 . . 6 . Cannons 6 | . . . 4 . . 2 Classes Destroyed 12 | 2 5 . 3 . 2 . Worker 2 | . 2 . . . . . Builder 1 | . . . . . 1 . Tunneler 5 | 5 . . . . . . Hauler 3 | . 2 . . . 1 . Recycler 3 | 1 2 . . . . . Turret 2 | . . . 2 . . . Watcher 2 | . 2 . . . . . Swarmer 7 | . 5 2 . . . . Grunt 13 | . 8 . . . 3 2 Sentry 2 | . . . 1 . . 1 Programmer 4 | . . . . . 3 1 Subdweller 3 | . . . 3 . . . Thug 1 | . . . . . . 1 Best Kill Streak 4 | 3 4 2 2 . 3 2 Combat Bots Only 4 | . 4 2 2 . 3 2 Max Kills in Single Turn 2 | 1 2 1 1 . 1 1 Gunslinging . | . . . . . . . Exploded . | . . . . . . . Melee 1 | . . . . . . 1 Uniques/NPCs Destroyed . | . . . . . . . Combat | -11 -10 -10 -10 -9 -6 -6 -------- Run | Yrd Mat Min Sub Scr Fac Ext Hostile Shots Fired 352 | . 64 15 18 . 162 93 Missed 134 | . 18 . 8 . 68 40 Hits 218 | . 46 15 10 . 94 53 Projectile 218 | . 46 15 10 . 94 53 AOE 1 | . . . 1 . . . Critical Strikes 4 | . . . . . 3 1 Damage Taken 3038 | . 500 164 159 . 1321 894 Core 1018 | . 106 22 35 . 542 313 Absorbed by Shields 20 | . . . . . . 20 Core Remaining (%) 67 | 100 . . . 34 . . Volleys Fired 121 | 20 49 7 23 . 14 8 Largest 3 | 2 2 2 2 . 3 1 Hottest 136 | 60 46 88 136 . 99 48 Shots Fired 250 | 40 99 15 47 . 41 8 Gun 195 | 40 99 15 . . 41 . Cannon 55 | . . . 47 . . 8 Launcher . | . . . . . . . Special . | . . . . . . . Kinetic 222 | 20 99 11 43 . 41 8 Thermal 28 | 20 . 4 4 . . . Explosive . | . . . . . . . Electromagnetic . | . . . . . . . Robot Hit Streak 12 | 12 7 5 8 . 6 2 Robot Miss Streak 15 | 4 15 5 2 . 3 4 Penetration Max 1 | . . . . . 1 1 Secondary Targets 2 | . 1 . . . 1 . Max Gunslinging Chain 1 | . 1 . . . 1 . Shots Hit Robots 167 | 24 62 11 21 . 33 16 Core Hits 86 | 11 38 6 9 . 15 7 Critical Kills 7 | 1 . . . . 5 1 Critical Parts Destroyed 10 | . 1 . . . 6 3 Critical Strikes 19 | 1 1 . . . 12 5 Destroy 17 | 1 1 . . . 11 4 Sever 2 | . . . . . 1 1 Melee Attacks 35 | . . . . . 21 14 Impact . | . . . . . . . Slashing 31 | . . . . . 17 14 Piercing 4 | . . . . . 4 . Sneak Attacks 3 | . . . . . 2 1 Combat Hostiles . | . . . . . . . Follow-up Attacks . | . . . . . . . Damage Inflicted 3143 | 238 886 147 450 . 617 805 Guns 1432 | 238 883 147 . . 164 . Cannons 672 | . . . 450 . . 222 Explosions . | . . . . . . . Melee 1036 | . . . . . 453 583 Ramming 3 | . 3 . . . . . Kinetic 1827 | 93 883 96 369 . 164 222 Thermal 277 | 145 . 51 81 . . . Explosive . | . . . . . . . Electromagnetic . | . . . . . . . Impact . | . . . . . . . Slashing 1025 | . . . . . 442 583 Piercing 11 | . . . . . 11 . Highest Corruption 3 | . 1 1 1 . 3 3 Average Corruption 1 | . 1 1 1 . 2 3 Corruption Purged . | . . . . . . . Corruption Blocked . | . . . . . . . Effects 63 | . 14 11 17 . 17 4 Message Errors 15 | . 3 3 3 . 5 1 Matter Fused 14 | . 5 2 3 . 3 1 Heat Flow Errors 2 | . 1 . . . 1 . Energy Discharges 8 | . 2 . 5 . . 1 Parts Rejected 2 | . . . . . 2 . Parts Fused 2 | . . . . . 2 . Data Loss (minor) 9 | . 1 2 5 . 1 . Data Loss (major) 5 | . 1 2 . . 1 1 Misfires 3 | . 1 1 1 . . . Alerts 2 | . . 1 . . 1 . Weapon Failures 1 | . . . . . 1 . Overload Shots . | . . . . . . . Overflow Damage 67 | . . . . . 33 34 Projectiles . | . . . . . . . Explosions . | . . . . . . . Melee 67 | . . . . . 33 34 Knockbacks 7 | . 1 . 3 . . 3 Impact 1 | . 1 . . . . . Kinetic 6 | . . . 3 . . 3 Secondary . | . . . . . . . Self-Inflicted Damage . | . . . . . . . Shots . | . . . . . . . Rammed 1 | . 1 . . . . . Targets Rammed 1 | . 1 . . . . . Kicked . | . . . . . . . Crushed . | . . . . . . . Highest Temperature 162 | 60 162 78 30 . 106 . Average Temperature 39 | 27 73 42 17 . 27 . Received Heat Transfer 807 | . 216 51 54 . 147 339 Siege Activations . | . . . . . . . Martial Activations . | . . . . . . . Shielding Activations . | . . . . . . . Robots Disrupted . | . . . . . . . Combat Hostiles . | . . . . . . . Robots Corrupted . | . . . . . . . Combat Hostiles . | . . . . . . . Parts Fried . | . . . . . . . Impact Corruptions . | . . . . . . . Robots Melted . | . . . . . . . Combat Hostiles . | . . . . . . . Parts Melted . | . . . . . . . Heat Transferred 533 | 325 . 60 148 . . . Parts Sabotaged . | . . . . . . . Parts Stolen . | . . . . . . . Parts Stripped . | . . . . . . . Power Chain Reactions . | . . . . . . . Alert | -11 -10 -10 -10 -9 -6 -6 ------- Run | Yrd Mat Min Sub Scr Fac Ext Maximum Alert Level . | . . . . . . . Low Security (%) 100 | 100 100 100 . . 100 100 Level 1 . | . . . . . . . Level 2 . | . . . . . . . Level 3 . | . . . . . . . Level 4 . | . . . . . . . Level 5 . | . . . . . . . High Security . | . . . . . . . Max Security . | . . . . . . . Peak Influence 122 | 15 98 81 . . 122 60 Initial 28 | . 3 22 . . . 28 Average 21 | 1 24 10 . . 32 18 Influence Increases 1172 | 30 398 154 78 . 280 232 Destroy 0b10 Robot/C 660 | . 260 100 60 . 120 120 Destroy 0b10 Robot/NC 80 | 30 40 . . . 10 . Destroy Leader 130 | . 78 20 . . 22 10 Allied During Kill 48 | . . 34 3 . . 11 Successful Hack 20 | . 20 . . . . . Disable Machine 30 | . . . . . 30 . Destroy Structure 9 | . . . . . 8 1 Lose Combat Pursuer 195 | . . . 15 . 90 90 Influence Decreases 1132 | 25 345 212 38 40 221 251 Entered New Map 109 | . 2 36 . 40 . 31 Time Decay 921 | 25 343 176 38 . 221 118 Lost Part 69 | . . . . . . 69 Lost Ally 33 | . . . . . . 33 Squads Dispatched 10 | . 3 . . . 6 1 Investigation 5 | . 1 . . . 3 1 Extermination 3 | . . . . . 3 . Reinforcement 2 | . 2 . . . . . Assault . | . . . . . . . Garrison . | . . . . . . . Intercept . | . . . . . . . Searches Triggered . | . . . . . . . Construction Impeded . | . . . . . . . Haulers Reinforced . | . . . . . . . Active Scanning Responses . | . . . . . . . Cargo Convoy Interrupts . | . . . . . . . Stealth | -11 -10 -10 -10 -9 -6 -6 --------- Run | Yrd Mat Min Sub Scr Fac Ext Distress Signals 3 | . 2 . . . 1 . Communications Jammed . | . . . . . . . Distress Signals . | . . . . . . . Times Spotted 78 | . 22 5 10 . 22 19 Peak Tracking Total 7 | . 6 3 3 . 7 5 Tactical Retreats 6 | . . . 1 . 3 2 Traps | -11 -10 -10 -10 -9 -6 -6 ------- Run | Yrd Mat Min Sub Scr Fac Ext Traps Triggered 5 | . 1 . 1 . 2 1 Indirectly . | . . . . . . . Trap Hack Attempts . | . . . . . . . Triggered . | . . . . . . . Disarmed . | . . . . . . . Reprogrammed . | . . . . . . . Reused . | . . . . . . . Traps Extracted . | . . . . . . . Installed . | . . . . . . . Triggered . | . . . . . . . Most Traps Carried 1 | . . 1 1 1 1 . Machines | -11 -10 -10 -10 -9 -6 -6 ---------- Run | Yrd Mat Min Sub Scr Fac Ext Machines Disabled 3 | . . . 1 . 2 . Max in Single Turn 1 | . . . 1 . 1 . Machines Repaired . | . . . . . . . Machines Dismantled . | . . . . . . . Machines Sabotaged . | . . . . . . . Overloaded Fab Kills . | . . . . . . . Hacking | -11 -10 -10 -10 -9 -6 -6 --------- Run | Yrd Mat Min Sub Scr Fac Ext Machines Accessed 14 | . 6 . 2 1 4 1 Terminals 7 | . 6 . . . 1 . Fabricators . | . . . . . . . Repair Stations . | . . . . . . . Recycling Units 4 | . . . . . 3 1 Scanalyzers . | . . . . . . . Garrison Access . | . . . . . . . Total Hacks 29 | . 13 . 6 2 6 2 Successful 19 | . 6 . 6 2 4 1 Failed 10 | . 7 . . . 2 1 Catastrophic . | . . . . . . . Database Lockouts . | . . . . . . . Manual 21 | . 12 . . . 7 2 Terminals 16 | . 13 . . . 3 . Fabricators . | . . . . . . . Repair Stations . | . . . . . . . Recycling Units 5 | . . . . . 3 2 Scanalyzers . | . . . . . . . Garrison Access . | . . . . . . . Terminal Hacks 9 | . 1 . 6 2 . . Record 7 | . . . 5 2 . . Locate Traps 1 | . 1 . . . . . Proto ID Catalog 1 | . . . 1 . . . Fabricator Hacks . | . . . . . . . Repair Station Hacks . | . . . . . . . Recycling Unit Hacks . | . . . . . . . Scanalyzer . | . . . . . . . Garrison Access Hacks . | . . . . . . . Unauthorized Hacks 10 | . 5 . . . 4 1 Terminals 6 | . 5 . . . 1 . Botnet 3 | . 2 . . . 1 . Skim 3 | . 3 . . . . . Fabricators . | . . . . . . . Repair Stations . | . . . . . . . Recycling Units 4 | . . . . . 3 1 Fedlink 4 | . . . . . 3 1 Scanalyzers . | . . . . . . . Garrison Access . | . . . . . . . Data Cores Recovered . | . . . . . . . Used . | . . . . . . . Hacking Detections 5 | . 4 . . . 1 . Full Trace Events 1 | . 1 . . . . . Feedback Events 1 | . 1 . . . . . Corruption 1 | . 1 . . . . . Feedback Blocked . | . . . . . . . Robot Schematics Acquired . | . . . . . . . Robots Built . | . . . . . . . Authchips . | . . . . . . . Time . | . . . . . . . Total Robot Build Rating . | . . . . . . . Part Schematics Acquired . | . . . . . . . Parts Built . | . . . . . . . Authchips . | . . . . . . . Time . | . . . . . . . Total Part Build Rating . | . . . . . . . Part Studies Acquired . | . . . . . . . Parts Repaired . | . . . . . . . Time . | . . . . . . . Parts Recycled . | . . . . . . . Recycled Matter . | . . . . . . . Retrieved Matter . | . . . . . . . Retrieved Components . | . . . . . . . Parts Scanalyzed . | . . . . . . . Part Schematics Acquired . | . . . . . . . Parts Damaged . | . . . . . . . Bothacking | -11 -10 -10 -10 -9 -6 -6 ------------ Run | Yrd Mat Min Sub Scr Fac Ext Used RIF Installer . | . . . . . . . Robots Hacked . | . . . . . . . Non-combat . | . . . . . . . Combat . | . . . . . . . Robot Hacks Applied . | . . . . . . . Relay Couplers Released . | . . . . . . . Fabnet Peak Effective % . | . . . . . . . Robots Rewired 3 | . . . . . . 3 Allies Hacked . | . . . . . . . Hacks Repelled . | . . . . . . . Allies | -11 -10 -10 -10 -9 -6 -6 -------- Run | Yrd Mat Min Sub Scr Fac Ext Total Allies 8 | . . 5 . . . 3 Largest Group 5 | . . 5 4 1 1 3 Highest-Rated Group 85 | . . 85 77 16 16 82 Highest-Rated Ally 31 | . . 31 31 16 16 31 Total Orders . | . . . . . . . Ally Attacks 62 | . . 16 24 . 4 18 Total Damage 944 | . . 232 409 . 57 246 Kills 9 | . . 4 4 . . 1 Allies Corrupted . | . . . . . . . Allies Melted . | . . . . . . . Intel | -11 -10 -10 -10 -9 -6 -6 ------- Run | Yrd Mat Min Sub Scr Fac Ext Active Infowar (turns) 10681 | 78 2750 1504 2440 2505 1031 373 Sensors 1390 | . . . . . 1017 373 IFF 65 | . . . . . . 65 Seismic 10248 | 78 2750 1504 2440 2505 971 . Robot Analysis Total . | . . . . . . . Derelict Logs Recovered 7 | . . 1 1 5 . . Drone Launches . | . . . . . . . Drone Recoveries . | . . . . . . . Exploration | -11 -10 -10 -10 -9 -6 -6 ------------- Run | Yrd Mat Min Sub Scr Fac Ext Turns Passed 10963 | 235 2750 1504 2440 2505 1156 373 Spaces Moved 4993 | 110 847 458 1030 1422 769 357 Core 349 | 15 . . . . 171 163 Treads 1897 | 95 847 458 259 . 238 . Legs 36 | . . . . . . 36 Wheels 2193 | . . . 771 1422 . . Hover . | . . . . . . . Flight 518 | . . . . . 360 158 Fastest Speed 26 | 50 160 320 175 175 26 40 Average Speed 197 | 146 301 320 211 175 104 52 Slowest Speed 340 | 160 320 320 340 175 260 120 Overloaded Moves . | . . . . . . . Propulsion Burnouts . | . . . . . . . Robots Hopped 5 | . . . . . 2 3 Potential Cave-ins . | . . . . . . . Cave-ins Triggered . | . . . . . . . Exploration Rate (%) 57 | 7 93 96 56 85 25 37 Regions Visited 6 Branch Regions 4 Pre-discovered Areas 5 | . . . 2 2 1 . Known Exits Taken 1 | . . . . . 1 . Unknown Exits Taken 5 | 1 1 1 1 1 . . Scrap Searched 12 | . . 1 2 9 . . Spaces Dug 7 | . . . . . 7 . Terrain Destroyed 8 | . . . . . 8 . Melee 7 | . . . . . 7 . Projectile . | . . . . . . . AOE . | . . . . . . . Terrain Rammed . | . . . . . . . Walls Destroyed . | . . . . . . . Machines Disabled . | . . . . . . . Actions | -11 -10 -10 -10 -9 -6 -6 --------- Run | Yrd Mat Min Sub Scr Fac Ext Total 5846 | 148 953 485 1249 1444 1060 507 Wait 449 | . 15 17 153 . 191 73 Move 4977 | 109 846 457 1029 1421 764 351 Hop 5 | . . . . . 2 3 Pick Up 94 | 12 27 1 15 11 26 2 Fast Attach 10 | 1 . . 1 . 2 6 Attach 38 | 6 2 2 4 1 20 3 Detach 1 | . . . . . 1 . Swap 14 | . 3 . 7 . 4 . Drop 52 | . 10 1 17 11 13 . Fire 121 | 20 49 7 23 . 14 8 Melee 35 | . . . . . 21 14 Ram . | . . . . . . . Kick . | . . . . . . . Crush 1 | . 1 . . . . . Escape Stasis 15 | . . . . . 2 13 Rewire 34 | . . . . . . 34 Trap . | . . . . . . . Miscellaneous . | . . . . . . . Route ------- -11/Scrapyard -10/Materials (discovered 5 exits: [*Mat x3] / [*Min] / *Sub) -10/Mines (discovered 4 exits: [*Mat x2] / [*Exi] / *Sub) -10/Subcaves (discovered 2 exits: [*Rec] / *Scr) -9/Scraptown (discovered 2 exits: *Fac x2) -6/Factory (discovered 4 exits: Fac / *Low x2 / *Ext) -6/Extension History --------- Turn | Location | Event 7 | -11/Scrapyard | Discovered new exit (range 14) 236 | -11/Scrapyard | Entered Materials 316 | -10/Materials | Build established: Mutant 1050 | -10/Materials | Discovered new exit (range 15) 1393 | -10/Materials | Discovered new exit (range 12) 1797 | -10/Materials | Discovered new exit (range 8) 1864 | -10/Materials | Discovered new exit (range 12) 2673 | -10/Materials | Discovered new exit (range 16) 2986 | -10/Materials | Entered Mines 3012 | -10/Mines | Learned Materials stockpile data 3214 | -10/Mines | Assisted by bots powering up and referring to "LRC-V3" 3278 | -10/Mines | Deemed a non-threat by the Exiles lab entrance 3278 | -10/Mines | Discovered new exit (range 5) 3358 | -10/Mines | Discovered new exit (range 5) 3710 | -10/Mines | Found a hidden stash of uninstalled traps 3951 | -10/Mines | Core integrity fell below 50% 4419 | -10/Mines | Discovered new exit (range 5) 4458 | -10/Mines | Discovered new exit (range 6) 4490 | -10/Mines | Entered Subcaves 4490 | -10/Subcaves | Accompanied by 4 allies 4491 | -10/Subcaves | Approached by a straggling Scientist 4495 | -10/Subcaves | Led the pair of lost Derelicts to an unsafe place 4500 | -10/Subcaves | Learned location of Zion (-7) 4940 | -10/Subcaves | A Subdweller sparked back to life 4955 | -10/Subcaves | Found Prototype Processor 5317 | -10/Subcaves | Visited 4L-MR0's lab 5359 | -10/Subcaves | Found Prototype Protection 5367 | -10/Subcaves | Identified Gun Armor 5367 | -10/Subcaves | Identified Rainbow Chip 5627 | -10/Subcaves | Visited Clippyterm 5632 | -10/Subcaves | Learned location of Deep Caves (-7) 5784 | -10/Subcaves | Shifting Twisted Machinery released Sub. Machine Gun 6308 | -10/Subcaves | A swath of the cavern ceiling suddenly collapsed 6759 | -10/Subcaves | Discovered new exit (range 13) 6930 | -10/Subcaves | Entered Scraptown 6930 | -9/Scraptown | Accompanied by 1 ally 6930 | -9/Scraptown | System corruption cleaned by C-Scrubber 7196 | -9/Scraptown | Visited Cyclists 7209 | -9/Scraptown | Visited Bundlers 7282 | -9/Scraptown | Visited Red Mages 7333 | -9/Scraptown | Heard Great Nut preacher, LISTEN AND RECITE! 7343 | -9/Scraptown | Visited TADAMA 7391 | -9/Scraptown | Visited Awakened 7466 | -9/Scraptown | Scanned Subdweller tech in exchange for log data 7469 | -9/Scraptown | Learned Factory stockpile data 7471 | -9/Scraptown | Learned 12 Factory zone layouts 7473 | -9/Scraptown | Learned Research emergency access door positions 7475 | -9/Scraptown | Learned location of Extension (-6) 7546 | -9/Scraptown | Discovered new exit (range 13) 7914 | -9/Scraptown | Visited Fellowship of the Rings 7944 | -9/Scraptown | Visited UFD Registry 7944 | -9/Scraptown | Registered with UFD as "Metalhead" 7991 | -9/Scraptown | Visited Curators Association 8049 | -9/Scraptown | Visited Junk Repository 8099 | -9/Scraptown | Visited Chapter 10 8148 | -9/Scraptown | Delivered Scrap Shield to a Scientist 8192 | -9/Scraptown | Visited Derelict Rescue Squad 8204 | -9/Scraptown | Found DRS Beacon 8237 | -9/Scraptown | Visited Scrapoid Pod Storage 8260 | -9/Scraptown | Visited Infowarlord's Domain 8282 | -9/Scraptown | Visited LU-1G1's Boring Crew 8307 | -9/Scraptown | Visited Scrapoid Research Area 8335 | -9/Scraptown | Visited Junk Repository 8408 | -9/Scraptown | Visited Modified Component R&D 9189 | -9/Scraptown | Found Exp. Signal Interpreter 9338 | -9/Scraptown | Met Optimus 9338 | -9/Scraptown | Accepted into 0bPrime 9431 | -9/Scraptown | Discovered new exit (range 3) 9435 | -9/Scraptown | Entered Factory 9435 | -6/Factory | Accompanied by 1 ally 9435 | -6/Factory | Evolved 8 slots: Propulsion x4, Utility x3, Weapon x1 9436 | -6/Factory | Identified exit to Factory 9742 | -6/Factory | Build established: Skirmisher 9931 | -6/Factory | Discovered new exit (range 10) 9983 | -6/Factory | Discovered new exit (range 9) 10010 | -6/Factory | Identified exit to Lower Caves 10225 | -6/Factory | Loaded intel: 7 recycling unit locations 10431 | -6/Factory | Learned location of Protoforge (-2) 10451 | -6/Factory | Lost 9 parts (1p5n2u1w) 10533 | -6/Factory | Core integrity fell below 50% 10560 | -6/Factory | Allied Derelicts emerged from ambush trap array 10586 | -6/Factory | Discovered new exit (range 12) 10590 | -6/Factory | Identified exit to Extension 10591 | -6/Factory | Entered Extension 10848 | -6/Extension | Core integrity fell below 20% 10877 | -6/Extension | Loaded intel: 1 recycling unit location 10899 | -6/Extension | Lost 3 allies 10901 | -6/Extension | Lost 5 parts (1p2n2w) 10956 | -6/Extension | Spotted B-75 Beast 10960 | -6/Extension | Spotted B-75 Beast 10964 | -6/Extension | Destroyed by Y-54 Guardian with Gatling Laser Last Messages --------------- 10893_ Field strength at 70. 10894_ Field strength at 64. 10895_ Field strength at 58. 10896_ Field strength at 52. 10897_ Field strength at 46. 10898_ Field strength at 40. 10899_ Field strength at 29. 10900_ Field strength at 18. 10901_ Field strength at 12. 10902_ Field strength at 1. 10903_ Stasis field depleted. 10903_ Flexi-carbon Leg destroyed. 10907_ Critical hit (Burn: +37). 10918_ R-10 Processor exits Transfer Station. 10918_ A-15 Conveyor enters Transfer Station. 10926_ System corrupted: Substantial component data lost. 10960_ K-01 Serf destroyed. 10961_ IFF Parser destroyed. 10961_ Knocked back. 10961_ Acquired 3 matter. Map ----- +----------------------------------------------------+ | ?????????????????????????????????????????????????? | | ?????????????????????????????????????????????????? | | ?????????????????????????????????????????????????? | | ?????????????????????????????????????????????????? | | ?????????????????????????????????????????????????? | | ?????????????????????????????????????????????????? | | ?????????????????????????????????????????????????? | | ?????????????????????????????????????????????????? | | ?????????????????????????????????????????????????? | | ?????????????????????????????????????????????????? | | ??????????????????????? ?????????????????????????? | | ??????????????????????? ?????????????????????????? | | ??????????????????????? ?????????????????????????? | | ??????????????????????# #????????????????????????? | | ??????????????????????# #????????????????????????? | | ??????????????????????# #????????????????????????? | | ??????????????????????# #????????????????????????? | | ??????????????????????# #????????????????????????? | | ??????????????????????# #??##?##?????????????????? | | ????????????????????### ### ## ### #?????????????? | | ????????????????????#"" ""Y "" ""????????????? | | ????????????????????# " " Y " " #???????????? | | ????????????????????# u #???????????? | | ???????????##?????### #???????????? | | ############"######;# #???????????? | | % @ ????????? | | u ????????? | | k = ????????? | | BB*%= u?????????? | | BBt! R BB kA ?????????? | | ##################### BB ##??????????? | | ????????????????????# #???????????? | | ????????????????????# #???????????? | | ????????????????????# #???????????? | | ????????????????????# #???????????? | | ????????????????????######T#"""######????????????? | | ??????????????????????????##?????????????????????? | | ?????????????????????????????????????????????????? | | | | | | | | | | | | | | | | | | | | | | | | | +----------------------------------------------------+ Best States ------------- Heat Dissipation 56 Energy Generation 18 Energy Capacity 250 Matter Stores 300 Matter Capacity 300 Sight Range 16 Robot Scan Range 16 Terrain Scan Density 10 Armor Coverage 150 Evasion (%) 64 Melee Accuracy 8 Recoil Reduction 4 Item Schematics ----------------- None Robot Schematics ------------------ None Fabricated ------------ Nothing Repaired ---------- Nothing Studied --------- None Alien Tech Used ----------------- None Achievements -------------- None Challenges ------------ None Game ------ Seed GravitonPotentialRipper Manual? 0 Play Time 00:47:50 Cumulative 214.7 hours Start 2025.12.28 @ 15:26:23 End 2025.12.30 @ 14:12:57 Sessions 3 Manual Loads 0 Difficulty Rogue Special Mode None Game No. 302 Rogue 302 Adventurer 0 Explorer 0 Win Type - Total 3 Types 2/0/0/1/0/0/0/0/0/0 Lore% 74 Gallery% 73 Achievement% 49 Wizard Run 0 Options --------- Layout 0 ASCII 0 Keyboard 0 Movement Mouse Keybinds 0 Fullscreen 1 Font 16/SmallcapsGlow Map View 75x55 Zoom Use 0% Tactical HUD 1 Map Filters NONE Filters NONE Steam 1 RUN: 8b337a58-8e8c-49e7-bdf0-1ee475eedcb0